 Seeded DCSS version 0.26.1-10-gdfb7c7de75 (webtiles) character file.

Game seed: 13435453013147752700 (custom seed)

251791 wilfster70 the Warrior (level 19, -11/156 (157) HPs)
             Began as a Gnoll Ice Elementalist on Apr 11, 2021.
             Was the Champion of Ashenzari.
             Mangled by a spriggan defender
             ... wielding a +4 rapier of venom
             ... led by the Enchantress
              (20 damage)
             ... on level 1 of the Depths.
             The game lasted 02:47:35 (51050 turns).

wilfster70 the Warrior (Gnoll Ice Elementalist)    Turns: 51050, Time: 02:47:36

HP:   -11/156 (157) AC: 15    Str: 18    XL:     19   Next: 67%
MP:   20/36         EV: 25    Int: 29    God:    Ashenzari [******]
Gold: 380           SH: 17    Dex: 20    Spells: 9/45 levels left

rFire    + + .     SeeInvis +   a - +8 trident of Debt {freeze, Str+4 Dex+5} (curse)
rCold    . . .     Faith    .   T - +3 buckler {rF+} (curse)
rNeg     + . .     Spirit   .   y - +3 leather armour {rF+} (curse)
rPois    +         Reflect  +   K - +2 hat {Int+3} (curse)
rElec    .         Harm     .   V - +2 cloak (curse)
rCorr    .         Rampage  .   Y - +2 pair of gloves (curse)
Will     +++..     Clarity  +   (no boots)
Stlth    ++++++....             d - amulet of reflection (curse)
HPRegen  0.36/turn              z - ring of Iqimaos {rPois rN+ Will+ Int+3} (curse)
MPRegen  0.25/turn              D - ring "Ysepid" {Will+ Slay+3} (curse)

@: studying 2 skills, lightly drained
A: distributed training, fangs 1, deformed body, strong nose
}: 2/15 runes: serpentine, barnacled
a: Renounce Religion, Curse Item, Scrying


You were on level 1 of the Depths.
You worshipped Ashenzari.
Ashenzari was exalted by your worship.
You visited 6 branches of the dungeon, and saw 32 of its levels.
You also visited: Trove, Bailey and Volcano.

You collected 4327 gold pieces.
You spent 3947 gold pieces at shops.

Inventory:

Hand Weapons
 a - the cursed +8 trident of Debt (weapon) {freeze, Str+4 Dex+5}
   (You found it on level 11 of the Dungeon)

   It has been specially enchanted to freeze those struck by it, causing extra
   injury to most foes and up to half again as much damage against particularly
   susceptible opponents.
   It can also slow down cold-blooded creatures.
   It affects your strength (+4).
   It affects your dexterity (+5).
   It has a curse placed upon it.
 b - a +7 demon trident of electrocution
Missiles
 p - 136 poisoned darts
 w - 2 datura-tipped darts
Armour
 r - a +0 kite shield
 y - a cursed +3 leather armour of fire resistance (worn)
 K - a cursed +2 hat of intelligence (worn)
 T - a cursed +3 buckler of fire resistance (worn)
 V - a cursed +2 cloak (worn)
 Y - a cursed +2 pair of gloves (worn)
Jewellery
 d - a cursed amulet of reflection (around neck)
 z - the cursed ring of Iqimaos (left hand) {rPois rN+ Will+ Int+3}
   (You bought it in a shop on level 2 of the Orcish Mines)

   [ring of positive energy]

   It affects your intelligence (+3).
   It protects you from poison.
   It protects you from negative energy.
   It affects your willpower, your defense against some magical effects.
   It has a curse placed upon it.
 D - the cursed ring "Ysepid" (right hand) {Will+ Slay+3}
   (You found it in a treasure trove)

   [ring of willpower]

   It affects your accuracy and damage with ranged weapons and melee attacks
   (+3).
   It affects your willpower, your defense against some magical effects.
   It has a curse placed upon it.
 F - the ring "Leujun" {rC+ rCorr}
   (You found it in a treasure trove)

   [ring of resist corrosion]

   It protects you from cold.
   It provides partial protection from all sources of acid and corrosion.
Wands
 A - a wand of acid (27)
 G - a wand of flame (36)
 H - a wand of polymorph (23)
 P - a wand of paralysis (24)
 R - a wand of iceblast (18)
 W - a wand of digging (5)
 Z - a wand of enslavement (1)
Scrolls
 c - 5 scrolls of fog
 i - a scroll of immolation
 j - 3 scrolls of blinking
 n - 12 scrolls of remove curse
 o - 5 scrolls of magic mapping
 u - a scroll of holy word
 I - 3 scrolls of fear
 J - 7 scrolls of amnesia
 U - a scroll of summoning
 X - 11 scrolls of teleportation
Potions
 e - 4 potions of haste
 f - 6 potions of might
 h - 3 potions of mutation
 k - 5 potions of flight
 l - 2 potions of invisibility
 m - 7 potions of curing
 q - 6 potions of lignification
 s - 4 potions of brilliance
 t - 2 potions of cancellation
 v - 6 potions of heal wounds
 x - a potion of ambrosia
 B - 4 potions of resistance
 C - 2 potions of magic
 E - a potion of berserk rage
Books
 g - a manual of Fire Magic
 L - a manual of Fighting


   Skills:
 + Level 16.0 Fighting
 + Level 12.9 Short Blades
 + Level 12.9 Long Blades
 + Level 12.9 Axes
 + Level 12.9 Maces & Flails
 + Level 12.9(17.0) Polearms
 + Level 12.9 Staves
 + Level 12.9 Slings
 + Level 12.9 Bows
 + Level 12.9 Crossbows
 + Level 12.9 Throwing
 + Level 12.9 Armour
 + Level 13.5(16.1) Dodging
 + Level 13.4(16.0) Stealth
 + Level 12.9(15.5) Shields
 + Level 12.9 Unarmed Combat
 + Level 13.6 Spellcasting
 + Level 11.1(15.3) Conjurations
 + Level 11.1(15.3) Hexes
 + Level 11.1(15.3) Summonings
 + Level 11.1(15.3) Necromancy
 + Level 11.1(15.3) Translocations
 + Level 11.1(15.3) Transmutations
 + Level 11.8(16.0) Fire Magic
 + Level 12.8(16.9) Ice Magic
 + Level 11.1(15.3) Air Magic
 + Level 11.1(15.3) Earth Magic
 + Level 11.1(15.3) Poison Magic
 + Level 13.9 Invocations
 + Level 12.9(17.0) Evocations


You had 9 spell levels left.
You knew the following spells:

 Your Spells              Type           Power        Failure   Level
a - Ozocubu's Armour      Ice            87%          0%          3
b - Frozen Ramparts       Ice            100%         0%          3
c - Invisibility          Hex            83%          1%          6
d - Mephitic Cloud        Conj/Pois/Air  83%          0%          3
e - Blink                 Tloc           N/A          0%          2
f - Iron Shot             Conj/Erth      41%          1%          6
g - Summon Lightning Spi  Summ/Air       83%          1%          4
h - Borgnjor's Vile Clut  Necr/Erth      41%          1%          5
i - Passage of Golubria   Tloc           N/A          1%          4

Your spell library contained the following spells:

 Spells                   Type           Power        Failure   Level
 Animate Skeleton         Necr           100%         0%          1
 Apportation              Tloc           100%         0%          1
 Corona                   Hex            92%          0%          1
 Freeze                   Ice            100%         0%          1
 Magic Dart               Conj           100%         0%          1
 Pain                     Necr           100%         0%          1
 Summon Small Mammal      Summ           100%         0%          1
 Call Imp                 Summ           83%          0%          2
 Ensorcelled Hibernation  Hex/Ice        100%         0%          2
 Passwall                 Tmut/Erth      69%          0%          2
 Slow                     Hex            83%          0%          2
 Swiftness                Air            83%          0%          2
 Conjure Flame            Conj/Fire      84%          0%          3
 Lesser Beckoning         Tloc           41%          0%          3
 Static Discharge         Conj/Air       83%          0%          3
 Tukima's Dance           Hex            83%          0%          3
 Vampiric Draining        Necr           41%          0%          3
 Animate Dead             Necr           41%          1%          4
 Hailstorm                Conj/Ice       85%          1%          4
 Summon Ice Beast         Ice/Summ       85%          1%          4
 Agony                    Necr           83%          1%          5
 Alistair's Intoxication  Tmut/Pois      55%          1%          5
 Bolt of Magma            Conj/Fire/Erth 41%          1%          5
 Iskenderun's Battlesphe  Conj           83%          1%          5
 Lee's Rapid Deconstruct  Erth           41%          1%          5
 Lightning Bolt           Conj/Air       41%          1%          5
 Silence                  Hex/Air        41%          1%          5
 Conjure Ball Lightning   Conj/Air       41%          1%          6
 Shadow Creatures         Summ           N/A          1%          6
 Orb of Destruction       Conj           41%          4%          7
 Spellforged Servitor     Conj/Summ      41%          4%          7
 Ignition                 Fire           42%          26%         8
 Shatter                  Erth           41%          99%         9
 Tornado                  Air            41%          99%         9


Dungeon Overview and Level Annotations

Branches:
Dungeon (15/15)            Temple (0/1) D:6            Lair (6/6) D:10
 Shoals (4/4) Lair:2        Snake (4/4) Lair:2        Slime (0/5) Lair:5
    Orc (2/2) D:12            Elf (0/3) Orc:2        Vaults (0/5) D:14
 Depths (1/5) D:15         Bailey (visited)         Volcano (visited)

Altars:
Ashenzari
Elyvilon
Hepliaklqana
Nemelex Xobeh
Okawaru
Trog
Xom
The Shining One
Jiyva

Shops:
D:8 :   D:14 *   Orc:2 ==*?   Snake:2 ?

Portals:
Hell: Depths:1

Annotations:
D:6 2 transporters, aaeveom's ghost, novice DECj
Lair:1 2 transporters, mavignon's ghost, journeyman BaIE
Lair:6 exclusion: 3 doors


Innate Abilities, Weirdness & Mutations

Your experience applies equally to all skills.
You have very sharp teeth.
Your uncanny sense of smell can sniff out nearby items.
Armour fits poorly on your strangely shaped body.


Message History

The yaktaur shoots a bolt.
You reflect the bolt off an invisible shield around you!
The bolt hits the yaktaur!!
You kill the yaktaur!
The spriggan defender hits you with a +4 rapier of venom!!
* * * LOW HITPOINT WARNING * * *
You block the spriggan defender's attack. x2
The spriggan defender hits you with a +1 rapier of speed!
* * * LOW HITPOINT WARNING * * *
You block the spriggan defender's attack.
You see here a scroll of identify.
The spriggan defender hits you with a +1 rapier of speed.
* * * LOW HITPOINT WARNING * * *
You block the spriggan defender's attack.
The spriggan defender hits you but does no damage.
The spriggan defender hits you with a +4 rapier of venom!
* * * LOW HITPOINT WARNING * * *
You block the spriggan defender's attack.
The spriggan defender hits you with a +4 rapier of venom!!
You die...

#.##.#######.........
#.##.##..............
#.#...#..............
#.#.♣.#..............
#.#...#..............
#.##>##..............
#)####...[...........
#.####..(............
#...@ii..?.O.........
######...............
#...............
##..[..........#
###############


You could see 2 spriggan defenders and a two-headed ogre.

Vanquished Creatures
  Bai Suzhen (Depths:1)
  the Enchantress (Depths:1)
  Rupert (Orc:2)
  Jorgrun (Orc:2)
  Kirke (Lair:5)
  8 nagarajas
  3 very ugly things (Depths:1)
  Snorg (Orc:1)
  A merfolk javelineer (Shoals:4)
  An ettin (D:14)
  6 merfolk impalers
  An ogre mage (D:15)
  Josephine (Lair:4)
  10 naga warriors
  A vault guard (D:14)
  3 alligator snapping turtles
  Harold (Orc:1)
  3 boulder beetles
  10 hydras
  Fannar (Lair:1)
  A rakshasa (D:14)
  5 centaur warriors
  7 anacondas
  2 merfolk avatars (Shoals:4)
  2 tengu warriors
  2 satyrs
  6 two-headed ogres
  Erica (Orc:1)
  4 merfolk aquamancers
  8 death yaks
  A deep troll shaman (Depths:1)
  11 naga sharpshooters
  4 shock serpents
  3 orc high priests (Orc:2)
  Nergalle (D:11)
  2 unseen horrors
  A fire crab (Lair:6)
  An iron troll (Depths:1)
  2 deep trolls
  A kraken simulacrum (Shoals:4)
  A wolf spider zombie (D:15)
  16 sea snakes
  18 harpies
  2 lindwurms (Volcano)
  24 ugly things
  3 naga ritualists
  A necromancer (Depths:1)
  7 orc knights
  5 deep elf magi
  A sphinx skeleton (Depths:1)
  A fire giant zombie (Depths:1)
  5 cyclopes
  9 mana vipers
  5 orc sorcerers
  3 oklob plants (Lair:3)
  11 elephants
  17 manticores
  25 fauns
  7 salamanders
  4 merfolk sirens
  2 toenail golems (Volcano)
  A centaur zombie (D:15)
  2 water nymphs (Shoals:4)
  33 black mambas
  2 molten gargoyles (Volcano)
  11 naga magi
  A torpor snail (Lair:1)
  30 cane toads
  12 komodo dragons
  5 yaktaurs (Depths:1)
  4 efreet
  2 kobold demonologists (Bailey)
  2 redback zombies
  12 merfolk
  3 tengu conjurers
  2 polar bears (Lair:6)
  8 trolls
  A wolf spider simulacrum (D:15)
  5 tyrant leeches (Lair:6)
  14 blink frogs (Lair:6)
  6 wind drakes
  17 slime creatures
  5 dream sheep
  5 snapping turtles
  A frost giant simulacrum (Depths:1)
  A centaur simulacrum (D:15)
  A tarantella (shapeshifter) (D:14)
  6 water elementals
  Eustachio (D:5)
  3 wyverns
  45 yaks
  9 wraiths
  3 hogs (Lair:5)
  4 basilisks
  5 fire elementals (Volcano)
  10 vampire mosquitoes
  Menkaure (D:6)
  A warg (Orc:2)
  40 nagas
  An acid dragon (D:12)
  23 water moccasins
  2 ice beasts
  A sky beast (D:9)
  3 black bears
  An ice dragon simulacrum (Depths:1)
  33 orc warriors
  A phantom (D:7)
  A hornet zombie (D:14)
  10 ogres
  2 eyes of draining
  7 wolves
  22 centaurs
  2 big kobolds (D:7)
  24 bullfrogs
  An earth elemental (Volcano)
  6 scorpions
  22 killer bees
  22 wights
  7 howler monkeys
  6 electric eels
  A bullfrog zombie (D:9)
  A quasit (D:9)
  3 hounds
  3 jellies
  8 centaur skeletons
  23 orc priests
  28 orc wizards
  4 bullfrog skeletons
  An iguana (D:11)
  5 hell rats (Lair:5)
  Ijyb (D:3)
  8 worker ants
  A hound skeleton (D:4)
  A worker ant zombie (D:10)
  A howler monkey skeleton (D:9)
  10 gnolls
  20 adders
  3 white imps
  An ufetubus (D:10)
  2 adder skeletons
  2 worms
  2 dart slugs (D:2)
  3 leopard geckos
  64 orcs
  5 ball pythons
  5 bats
  4 giant cockroaches
  18 goblins
  10 hobgoblins
  13 jackals
  16 kobolds
  5 quokkas
  5 frilled lizards
  7 rats
  3 fire vortices (Volcano)
1086 creatures vanquished.

Vanquished Creatures (collateral kills)
  A nagaraja (Snake:4)
  A two-headed ogre (Depths:1)
  An iron troll (Depths:1)
  2 deep trolls (Depths:1)
  A naga mage (Snake:4)
  A yak (D:13)
  6 nagas (Snake:4)
13 creatures vanquished.

Vanquished Creatures (others)
  A harpy (Shoals:1)
  2 fauns
  A water nymph (Shoals:2)
  A molten gargoyle (Volcano)
  A human (Lair:6)
  A quokka (D:14)
  49 fungi
  186 plants
  4 tentacles (Shoals:4)
246 creatures vanquished.

Grand Total: 1345 creatures vanquished

Notes
Turn   | Place    | Note
-------+----------+-------------------------------------------
     0 | D:1      | wilfster70 the Gnoll Ice Elementalist began the quest for
                  | the Orb.
     0 | D:1      | Reached XP level 1. HP: 13/13 MP: 6/6
   185 | D:1      | Found a broken altar of Ashenzari.
   189 | D:1      | Became a worshipper of Ashenzari the Shackled
   525 | D:1      | Reached XP level 2. HP: 19/19 MP: 4/7
  1042 | D:1      | Reached XP level 3. HP: 25/25 MP: 7/9
  1046 | D:1      | Learned a level 3 spell: Frozen Ramparts
  1050 | D:1      | Learned a level 3 spell: Ozocubu's Armour
  1116 | D:2      | Reached skill level 5 in Spellcasting
  1387 | D:2      | Reached skill level 1 in Invocations
  1422 | D:2      | Reached skill level 1 in Fighting
  1422 | D:2      | Reached skill level 1 in Short Blades
  1422 | D:2      | Reached skill level 1 in Long Blades
  1422 | D:2      | Reached skill level 1 in Axes
  1422 | D:2      | Reached skill level 1 in Maces & Flails
  1422 | D:2      | Reached skill level 1 in Polearms
  1422 | D:2      | Reached skill level 1 in Staves
  1422 | D:2      | Reached skill level 1 in Slings
  1422 | D:2      | Reached skill level 1 in Bows
  1422 | D:2      | Reached skill level 1 in Crossbows
  1422 | D:2      | Reached skill level 1 in Throwing
  1422 | D:2      | Reached skill level 1 in Armour
  1422 | D:2      | Reached skill level 1 in Shields
  1422 | D:2      | Reached skill level 1 in Unarmed Combat
  1422 | D:2      | Reached skill level 1 in Evocations
  1466 | D:2      | Reached XP level 4. HP: 31/32 MP: 7/11
  1951 | D:3      | Reached skill level 1 in Conjurations
  1951 | D:3      | Reached skill level 1 in Hexes
  1951 | D:3      | Reached skill level 1 in Summonings
  1951 | D:3      | Reached skill level 1 in Necromancy
  1951 | D:3      | Reached skill level 1 in Translocations
  1951 | D:3      | Reached skill level 1 in Transmutations
  1951 | D:3      | Reached skill level 1 in Fire Magic
  1951 | D:3      | Reached skill level 1 in Air Magic
  1951 | D:3      | Reached skill level 1 in Earth Magic
  1951 | D:3      | Reached skill level 1 in Poison Magic
  2128 | D:3      | Found a sparkling altar of Nemelex Xobeh.
  2183 | D:3      | Reached * piety under Ashenzari
  2231 | D:3      | Reached XP level 5. HP: 25/37 MP: 7/12
  2514 | D:3      | Noticed Ijyb
  2540 | D:3      | Killed Ijyb
  2830 | D:4      | Found an iron altar of Okawaru.
  3077 | D:4      | Reached XP level 6. HP: 31/44 MP: 10/13
  3168 | D:4      | Learned a level 1 spell: Magic Dart
  3224 | D:4      | Reached skill level 2 in Fighting
  3224 | D:4      | Reached skill level 5 in Dodging
  3407 | D:4      | Reached XP level 7. HP: 21/50 MP: 10/15
  3776 | D:4      | Reached skill level 5 in Stealth
  4178 | D:4      | Found a hazy altar of Hepliaklqana.
  4299 | D:5      | Entered Level 5 of the Dungeon
  4391 | D:5      | Reached XP level 8. HP: 51/57 MP: 13/16
  4504 | D:5      | Reached skill level 3 in Fighting
  4622 | D:5      | Noticed Eustachio
  4636 | D:5      | Killed Eustachio
  4935 | D:6      | Noticed a wraith
  5248 | D:6      | Found a transporter.
  5248 | D:6      | Noticed aaeveom's ghost (novice DECj)
  5287 | D:6      | Got the falchion "Bisade" {vorpal, rElec Int+3}
  5289 | D:6      | Identified the +9 falchion "Bisade" {vorpal, rElec Int+3}
                  | (You found it on level 6 of the Dungeon)
  5335 | D:6      | Reached ** piety under Ashenzari
  5412 | D:6      | Found a staircase to the Ecumenical Temple.
  5443 | D:6      | Found a transporter.
  5569 | D:6      | Noticed Menkaure
  5572 | D:6      | Killed Menkaure
  5692 | D:7      | Learned a level 3 spell: Mephitic Cloud
  5720 | D:7      | Reached XP level 9. HP: 60/65 MP: 14/18
  5763 | D:7      | Reached skill level 4 in Fighting
  7212 | D:9      | Reached skill level 5 in Invocations
  7230 | D:9      | Reached XP level 10. HP: 37/73 MP: 13/20
  7437 | D:10     | Entered Level 10 of the Dungeon
  7441 | D:9      | Noticed a two-headed ogre
  7512 | D:8      | Learned a level 2 spell: Blink
  7784 | D:9      | Reached skill level 5 in Fighting
  7784 | D:9      | Reached skill level 5 in Short Blades
  7784 | D:9      | Reached skill level 5 in Long Blades
  7784 | D:9      | Reached skill level 5 in Axes
  7784 | D:9      | Reached skill level 5 in Maces & Flails
  7784 | D:9      | Reached skill level 5 in Polearms
  7784 | D:9      | Reached skill level 5 in Staves
  7784 | D:9      | Reached skill level 5 in Slings
  7784 | D:9      | Reached skill level 5 in Bows
  7784 | D:9      | Reached skill level 5 in Crossbows
  7784 | D:9      | Reached skill level 5 in Throwing
  7784 | D:9      | Reached skill level 5 in Armour
  7784 | D:9      | Reached skill level 5 in Shields
  7784 | D:9      | Reached skill level 5 in Unarmed Combat
  7784 | D:9      | Reached skill level 5 in Evocations
  8192 | D:9      | Killed a two-headed ogre
  8656 | D:11     | Reached *** piety under Ashenzari
  8701 | D:11     | Identified the +8 trident of Debt {freeze, Str+4 Dex+5}
  8794 | D:11     | Noticed a red ugly thing
  8830 | D:11     | Learned a level 2 spell: Call Imp
  9262 | D:11     | Killed a red ugly thing
 10019 | D:11     | Reached XP level 11. HP: 70/81 MP: 19/22
 10033 | D:11     | Found a portal to a secret trove of treasure.
 10052 | Trove    | Entered a treasure trove
 10067 | Trove    | Reached skill level 6 in Fighting
 10067 | Trove    | Reached skill level 5 in Conjurations
 10067 | Trove    | Reached skill level 5 in Hexes
 10067 | Trove    | Reached skill level 5 in Summonings
 10067 | Trove    | Reached skill level 5 in Necromancy
 10067 | Trove    | Reached skill level 5 in Translocations
 10067 | Trove    | Reached skill level 5 in Transmutations
 10067 | Trove    | Reached skill level 5 in Fire Magic
 10067 | Trove    | Reached skill level 5 in Air Magic
 10067 | Trove    | Reached skill level 5 in Earth Magic
 10067 | Trove    | Reached skill level 5 in Poison Magic
 10067 | Trove    | Reached XP level 12. HP: 89/89 MP: 22/24
 10070 | Trove    | Reached skill level 7 in Fighting
 10070 | Trove    | Reached XP level 13. HP: 96/96 MP: 22/26
 10092 | Trove    | Identified the cursed ring "Ysepid" {Will+ Slay+3}
 10092 | Trove    | Identified the cursed ring of Tomorrow {+Fly Dex+4 Stlth+}
 10092 | Trove    | Identified the ring "Leujun" {rC+ rCorr}
 10105 | Trove    | Identified the +5 trident "Neonaop" {protect, Dex+2 Stlth+}
 10881 | D:8      | Found Xopteit's Book Boutique.
 12125 | D:10     | Found a staircase to the Lair.
 12619 | D:11     | Noticed Nergalle
 12626 | D:11     | Killed Nergalle
 12877 | D:11     | Identified the +11 mace of Quirru {vorpal, +Blink +Rage
                  | Dex-5 SInv}
 13363 | Lair:1   | Entered Level 1 of the Lair of Beasts
 13378 | Lair:1   | Found a transporter.
 13383 | Lair:1   | Found a bloodstained altar of Trog.
 13383 | Lair:1   | Noticed mavignon's ghost (journeyman BaIE)
 13493 | Lair:1   | Noticed Fannar
 13530 | Lair:1   | Found a transporter.
 13534 | Lair:1   | Identified the +3 trident of Duty {antimagic, +Fly rElec
                  | rF+}
 13973 | Lair:2   | Found a staircase to the Shoals.
 13993 | Lair:1   | Reached skill level 8 in Fighting
 14119 | Lair:2   | Found a staircase to the Snake Pit.
 15778 | Lair:3   | Reached skill level 10 in Ice Magic
 16547 | D:8      | Bought a book of Dreams for 975 gold pieces
 16553 | D:8      | Learned a level 5 spell: Borgnjor's Vile Clutch
 17090 | Lair:1   | Killed Fannar
 17091 | Lair:1   | Reached skill level 9 in Fighting
 18294 | Lair:4   | Noticed Josephine
 18433 | Lair:3   | Reached XP level 14. HP: 102/108 MP: 24/27
 18470 | Lair:4   | Reached skill level 10 in Spellcasting
 18597 | Lair:4   | Identified the ring "Heac" {*Tele rN+ Int-5 Dex+2}
 19175 | Lair:4   | Reached skill level 10 in Dodging
 19354 | Lair:4   | Killed Josephine
 19860 | Lair:5   | Found a viscous altar of Jiyva.
 19861 | Lair:5   | Found a staircase to the Slime Pits.
 19878 | Lair:5   | Reached **** piety under Ashenzari
 19944 | Lair:5   | Reached skill level 10 in Fighting
 19947 | Lair:5   | Reached skill level 10 in Stealth
 20262 | Lair:5   | Reached skill level 10 in Invocations
 21083 | Lair:6   | Entered Level 6 of the Lair of Beasts
 21627 | Lair:6   | Noticed Kirke
 21821 | Lair:6   | Noticed a sphinx
 22259 | Lair:5   | Found a viscous altar of Jiyva.
 22260 | Lair:5   | Found a staircase to the Slime Pits.
 22619 | Lair:5   | Killed Kirke
 22905 | Lair:6   | Reached XP level 15. HP: 114/117 MP: 19/29
 23106 | Lair:6   | Reached skill level 11 in Fighting
 24371 | Lair:6   | Identified the cursed +1 spear "Fimytyn" {venom, rElec
                  | Int+3}
 24922 | D:11     | Reached skill level 10 in Short Blades
 24922 | D:11     | Reached skill level 10 in Long Blades
 24922 | D:11     | Reached skill level 10 in Axes
 24922 | D:11     | Reached skill level 10 in Maces & Flails
 24922 | D:11     | Reached skill level 10 in Polearms
 24922 | D:11     | Reached skill level 10 in Staves
 24922 | D:11     | Reached skill level 10 in Slings
 24922 | D:11     | Reached skill level 10 in Bows
 24922 | D:11     | Reached skill level 10 in Crossbows
 24922 | D:11     | Reached skill level 10 in Throwing
 24922 | D:11     | Reached skill level 10 in Armour
 24922 | D:11     | Reached skill level 10 in Shields
 24922 | D:11     | Reached skill level 10 in Unarmed Combat
 24922 | D:11     | Reached skill level 10 in Evocations
 26235 | D:12     | Found a staircase to the Orcish Mines.
 26391 | D:8      | Bought a book of Power for 585 gold pieces
 26540 | Orc:1    | Entered Level 1 of the Orcish Mines
 26732 | Orc:1    | Noticed Snorg
 26749 | Orc:1    | Killed Snorg
 27151 | Orc:1    | Reached ***** piety under Ashenzari
 27172 | Orc:1    | Noticed Erica
 27183 | Orc:1    | Killed Erica
 27382 | Orc:1    | Noticed Harold
 27391 | Orc:1    | Killed Harold
 27392 | Orc:1    | Reached skill level 12 in Fighting
 27479 | Orc:2    | Entered Level 2 of the Orcish Mines
 27479 | Orc:2    | Noticed Rupert
 27483 | Orc:2    | Found a shimmering altar of Xom.
 27501 | Orc:2    | Killed Rupert
 27613 | Orc:2    | Found a dark tunnel.
 27629 | Volcano  | Entered a volcano
 27884 | Volcano  | Reached XP level 16. HP: 127/127 MP: 21/31
 28280 | Orc:2    | Noticed Jorgrun
 28299 | Orc:2    | Killed Jorgrun
 28764 | Orc:2    | Found a staircase to the Elven Halls.
 28801 | Orc:2    | Found Fomocave's Magic Scroll Shoppe.
 29604 | Orc:2    | Found Tuawnopn's Assorted Antiques.
 29611 | Orc:2    | Found Vovvab's Jewellery Shop.
 29635 | Orc:2    | Found Oguska's Jewellery Shoppe.
 29759 | Orc:2    | Bought the ring of Iqimaos {rPois rN+ Will+ Int+3} for 474
                  | gold pieces
 30069 | D:13     | Found a flagged portal.
 30568 | Bailey   | Entered a bailey
 30603 | Bailey   | Found an iron altar of Okawaru.
 30950 | Bailey   | Identified a scroll of acquirement
 30955 | Bailey   | Acquired a cursed +2 hat of intelligence
 32326 | D:14     | Found a white marble altar of Elyvilon.
 32635 | D:14     | Found Diuguot's General Store.
 33051 | D:14     | Found a glowing golden altar of the Shining One.
 33260 | D:14     | Reached skill level 13 in Fighting
 33263 | D:14     | Found a gate to the Vaults.
 33434 | D:15     | Entered Level 15 of the Dungeon
 33994 | D:15     | Reached ****** piety under Ashenzari
 33999 | D:15     | Found a staircase to the Depths.
 34723 | D:15     | Reached XP level 17. HP: 137/137 MP: 33/33
 35891 | Shoals:1 | Entered Level 1 of the Shoals
 36037 | D:8      | Bought a book of Party Tricks for 650 gold pieces
 36044 | D:8      | Learned a level 6 spell: Invisibility
 36051 | D:8      | Learned a level 6 spell: Iron Shot
 37935 | Shoals:2 | Noticed a titan
 38085 | Shoals:2 | Reached skill level 14 in Fighting
 38627 | Shoals:2 | Reached skill level 10 in Conjurations
 38627 | Shoals:2 | Reached skill level 10 in Hexes
 38627 | Shoals:2 | Reached skill level 10 in Summonings
 38627 | Shoals:2 | Reached skill level 10 in Necromancy
 38627 | Shoals:2 | Reached skill level 10 in Translocations
 38627 | Shoals:2 | Reached skill level 10 in Transmutations
 38627 | Shoals:2 | Reached skill level 10 in Fire Magic
 38627 | Shoals:2 | Reached skill level 10 in Air Magic
 38627 | Shoals:2 | Reached skill level 10 in Earth Magic
 38627 | Shoals:2 | Reached skill level 10 in Poison Magic
 38650 | Shoals:2 | Gained mutation: Armour fits poorly on your strangely
                  | shaped body. [mutagenic glow]
 38732 | Shoals:2 | Identified the +1 robe "Umacvyng" {Rampage rN+ Str+3} (You
                  | found it on level 8 of the Dungeon)
 38732 | Shoals:2 | Identified the cursed +1 robe "Jualuc" {rF+ Str+3 Stlth+}
                  | (You found it on level 11 of the Dungeon)
 40440 | Shoals:4 | Entered Level 4 of the Shoals
 40611 | Shoals:3 | Reached XP level 18. HP: 135/147 MP: 21/34
 42011 | Shoals:4 | Got a barnacled rune of Zot
 42956 | Snake:1  | Entered Level 1 of the Snake Pit
 43203 | Snake:1  | Acquired 545 gold pieces
 43210 | Snake:1  | Learned a level 4 spell: Passage of Golubria
 44333 | D:14     | Bought a scroll of enchant armour for 82 gold pieces
 44500 | Orc:2    | Bought a scroll of enchant weapon for 97 gold pieces
 44500 | Orc:2    | Bought a scroll of enchant weapon for 97 gold pieces
 44701 | D:8      | Bought a book of the Sky for 845 gold pieces
 44706 | D:8      | Learned a level 4 spell: Summon Lightning Spire
 45311 | Snake:2  | Found Qyrexkua's Magic Scroll Shop.
 45320 | Snake:2  | Bought a scroll of holy word for 97 gold pieces
 45320 | Snake:2  | Bought a scroll of magic mapping for 45 gold pieces
 46007 | Snake:2  | Reached skill level 15 in Fighting
 47735 | Snake:4  | Entered Level 4 of the Snake Pit
 48699 | Snake:4  | Reached XP level 19. HP: 155/155 MP: 25/36
 50001 | Snake:4  | Got a serpentine rune of Zot
 50348 | Depths:1 | Entered Level 1 of the Depths
 50742 | Depths:1 | Noticed Bai Suzhen
 50798 | Depths:1 | Killed Bai Suzhen
 50936 | Depths:1 | Found a gateway to Hell.
 50990 | Depths:1 | Noticed the Enchantress
 51000 | Depths:1 | Killed the Enchantress
 51001 | Depths:1 | Reached skill level 16 in Fighting
 51050 | Depths:1 | Mangled by a spriggan defender

Illustrated notes

Levels and vault maps discovered:
D:1:      giann_forest_graveyard, layout_rooms, serial_curves, eino_curves_03,
          eino_curves_03, hangedman_abyss_or_decor_stabs,
          nicolae_ashenzari_panopticon
D:2:      layout_rooms
D:3:      layout_basic, chequers_decorated_corner, nemelex_spade_bored_becter,
          uniq_ijyb
D:4:      layout_loops_ring, nicolae_overflow_hidden_temple, okawaru_gym_becter
D:5:      layout_rooms, uniq_eustachio
D:6:      layout_loops_ring, minmay_temple_entry_sparse_star,
          gammafunk_ghost_mausoleum, uniq_menkaure
D:7:      layout_basic
D:8:      layout_loops_corners, serial_shops,
          nicolae_shop_temple_entry_statues_fountains
D:9:      layout_basic, serial_curves, eino_curves_02, eino_curves_01
D:10:     layout_irregular_city, grunt_lair_entry_orc_guard_hut
D:11:     layout_stronghold, nicolae_trove_entry_diagonal,
          lemuel_flamethrower_hall, uniq_nergalle
D:12:     layout_rooms, david_orc_4
D:13:     layout_gridville, enter_bailey_5, grunt_ministairs_2
D:14:     layout_long_grid, david_vaults_5, serial_shops, kennysheep_mini,
          tso_altar, elyvilon_altar_4
D:15:     hangedman_depths_entry_civil_slaughter, layout_stronghold
Lair:1:   layout_cave_pods, gammafunk_ghost_wrathful_warriors,
          grunt_megastairs_5, uniq_fannar
Lair:2:   layout_roguey, shoals_dummy_entry, minmay_snake_entry_six_corridors,
          beast_lair_carwin_11, lemuel_fruit_tree
Lair:3:   layout_gridlike, grunt_megastairs_1, minmay_lair_oklob_chamber
Lair:4:   layout_long_grid, uniq_josephine
Lair:5:   layout_long_grid, slime_altar_1, serial_bayou_shore_a,
          grunt_megastairs_4
Lair:6:   minmay_lair_end_frog_pond, layout_gridlike, zaba_antful_of_joy,
          uniq_kirke
Shoals:1: argonaut_golden_fleece, layout_shoals
Shoals:2: layout_shoals, st_sunken_temple
Shoals:3: layout_shoals
Shoals:4: shoals_end_grunt_ice, layout_shoals
Snake:1:  layout_basic
Snake:2:  layout_layer_cave, serial_shops, shop
Snake:3:  layout_chambers
Snake:4:  minmay_snake_end_coiled, layout_layer_cave
Orc:1:    layout_caves, uniq_harold, uniq_snorg, uniq_erica
Orc:2:    st_orc_elflike, layout_caves, basic_altar,
          lightli_volcano_entry_magma_tube, uniq_rupert, uniq_jorgrun
Depths:1: layout_twisted_cross, hellmouth_3, hangedman_decor_growths,
          grunt_ministairs_5, minmay_fractal_squares_diagonal_5,
          minmay_shop_grove, uniq_bai_suzhen, uniq_enchantress

Skill      XL: |  1  2  3  4  5  6  7  8  9 10 11 12 13 14 15 16 17 18 19 |
---------------+----------------------------------------------------------+-----
Spellcasting   | 5 6 7 8 9 10 11 12 13 | 13.6
Invocations    | 1 2 3 4 5 6 7 8 9 10 11 12 13 | 13.9
Fighting       | 1 2 3 4 5 6 7 9 10 12 13 14 15 16 | 16.0
Short Blades   | 1 2 3 4 5 6 7 8 9 10 11 12 | 12.9
Long Blades    | 1 2 3 4 5 6 7 8 9 10 11 12 | 12.9
Axes           | 1 2 3 4 5 6 7 8 9 10 11 12 | 12.9
Maces & Flails | 1 2 3 4 5 6 7 8 9 10 11 12 | 12.9
Polearms       | 1 2 3 4 5 6 7 8 9 10 11 12 | 12.9
Staves         | 1 2 3 4 5 6 7 8 9 10 11 12 | 12.9
Slings         | 1 2 3 4 5 6 7 8 9 10 11 12 | 12.9
Bows           | 1 2 3 4 5 6 7 8 9 10 11 12 | 12.9
Crossbows      | 1 2 3 4 5 6 7 8 9 10 11 12 | 12.9
Throwing       | 1 2 3 4 5 6 7 8 9 10 11 12 | 12.9
Armour         | 1 2 3 4 5 6 7 8 9 10 11 12 | 12.9
Shields        | 1 2 3 4 5 6 7 8 9 10 11 12 | 12.9
Unarmed Combat | 1 2 3 4 5 6 7 8 9 10 11 12 | 12.9
Evocations     | 1 2 3 4 5 6 7 8 9 10 11 12 | 12.9
Conjurations   | 1 2 3 4 5 6 7 8 9 10 11 | 11.1
Hexes          | 1 2 3 4 5 6 7 8 9 10 11 | 11.1
Summonings     | 1 2 3 4 5 6 7 8 9 10 11 | 11.1
Necromancy     | 1 2 3 4 5 6 7 8 9 10 11 | 11.1
Translocations | 1 2 3 4 5 6 7 8 9 10 11 | 11.1
Transmutations | 1 2 3 4 5 6 7 8 9 10 11 | 11.1
Fire Magic     | 1 2 3 4 5 6 7 8 9 10 11 | 11.8
Air Magic      | 1 2 3 4 5 6 7 8 9 10 11 | 11.1
Earth Magic    | 1 2 3 4 5 6 7 8 9 10 11 | 11.1
Poison Magic   | 1 2 3 4 5 6 7 8 9 10 11 | 11.1
Dodging        | 5 6 7 8 9 10 11 12 13 | 13.5
Stealth        | 5 6 7 8 9 10 11 12 13 | 13.4
Ice Magic      | 8 9 10 11 12 | 12.8

Action                   |  1- 3 |  4- 6 |  7- 9 | 10-12 | 13-15 | 16-18 | 19-21 || total
-------------------------+-------+-------+-------+-------+-------+-------+-------++-------
Melee: Dagger            |    39 |    50 |       |       |       |       |       ||    89
       Short sword       |     2 |       |       |       |       |       |       ||     2
       Bite              |     3 |    13 |    20 |    12 |   102 |   136 |    28 ||   314
       Spear             |       |    46 |    83 |       |       |       |       ||   129
       Falchion          |       |       |    85 |    43 |       |       |       ||   128
       Trident           |       |       |       |    52 |   889 |  1160 |   175 ||  2276
       Punch             |       |       |       |     2 |       |       |       ||     2
Throw: Dart              |       |       |       |     1 |     4 |       |       ||     5
 Cast: Freeze            |    11 |       |       |       |       |       |       ||    11
       Frozen Ramparts   |     5 |    20 |    31 |    14 |    88 |    23 |     2 ||   183
       Ozocubu's Armour  |       |     1 |     2 |     2 |     5 |       |     3 ||    13
       Call Imp          |       |       |       |     1 |     2 |     2 |       ||     5
       Blink             |       |       |       |     1 |       |       |       ||     1
       Borgnjor's Vile C |       |       |       |       |   104 |   228 |    54 ||   386
       Invisibility      |       |       |       |       |       |    17 |       ||    17
       Iron Shot         |       |       |       |       |       |    20 |     1 ||    21
       Summon Lightning  |       |       |       |       |       |     1 |     9 ||    10
Invok: Curse Item        |       |       |     1 |     1 |     1 |     4 |       ||     7
       Scrying           |       |       |       |       |       |     7 |     1 ||     8
Evoke: Wand              |       |       |       |     6 |     2 |     6 |       ||    14
  Use: Potion            |     1 |       |     1 |     3 |     2 |     2 |     4 ||    13
       Scroll            |     1 |     9 |     4 |     1 |    18 |    15 |     3 ||    51
 Stab: Sleeping          |     5 |     5 |     8 |     2 |    17 |    22 |       ||    59
       Distracted        |       |     1 |       |       |     2 |     2 |     2 ||     7
       Invisible         |       |       |       |       |       |    36 |       ||    36
Armor: Leather armour    |     7 |    15 |    21 |    14 |    63 |    93 |    20 ||   233
Dodge: Dodged            |    31 |    54 |   109 |    45 |   489 |   455 |    71 ||  1254
Block: Other             |       |       |    10 |    15 |     2 |       |       ||    27
       Buckler           |       |       |       |    11 |   460 |   580 |    97 ||  1148
       Reflection        |       |       |       |     1 |     8 |   107 |    31 ||   147
       Rpst.: Falchion   |       |       |    13 |     8 |       |       |       ||    21
